 Dungeon Crawl Stone Soup version 0.17-a0-1636-g3119f2b (webtiles) character file.

62 thrall606 the Conjurer (level 3, -1/24 HPs)
             Began as a Demonspawn Conjurer on Aug 5, 2015.
             Was a Follower of Sif Muna.
             Slain by a giant gecko (2 damage)
             ... on level 2 of the Dungeon.
             The game lasted 00:09:30 (1168 turns).

thrall606 the Conjurer (Demonspawn Conjurer)        Turns: 1168, Time: 00:09:30

Health: -1/24      AC:  2    Str:  8    XL:     3   Next: 85%
Magic:  5/15       EV: 12    Int: 20    God:    Sif Muna [*.....]
Gold:   50         SH:  0    Dex: 13    Spells: 2 memorised, 4 levels left

rFire  . . .     SeeInvis .     j - +3 short sword (drain)
rCold  . . .     Clarity  .     n - +0 robe
rNeg   . . .     SustAt   .     (no shield)
rPois  .         Gourm    .     (helmet restricted)
rElec  .         Spirit   .     (no cloak)
rCorr  .         Warding  .     (no gloves)
rMut   .         Stasis   .     (no boots)
MR     .....                    (no amulet)
Stlth  ++........               e - +3 ring of intelligence
                                d - ring of magical power

@: not resistant to hostile enchantments, unstealthy
A: antennae 1
a: Channel Energy, Renounce Religion


You were on level 2 of the Dungeon.
You worshipped Sif Muna.
Sif Muna was aware of your devotion.
You were not hungry.

You visited 1 branch of the dungeon, and saw 2 of its levels.

You collected 50 gold pieces.

Inventory:

Hand weapons
 h - a +0 spear
 j - a +3 short sword of draining (weapon)
Armour
 a - a +0 robe
 n - a +0 robe (worn)
Jewellery
 d - a ring of magical power (left hand)
 e - a +3 ring of intelligence (right hand)
Scrolls
 l - 2 scrolls of remove curse
 m - a scroll of identify
 o - 2 scrolls of teleportation
Potions
 k - 2 potions of might
Books
 b - a book of Conjurations

   Spells                             Type                      Level
   a - Magic Dart                     Conjuration                  1
   b - Searing Ray                    Conjuration                  2
   c - Dazzling Spray                 Conjuration/Hexes            3
   d - Fulminant Prism                Conjuration/Hexes            4
   e - Iskenderun's Mystic Blast      Conjuration                  4
   f - Iskenderun's Battlesphere      Conjuration/Charms           5
Comestibles
 c - 3 bread rations
 f - 2 beef jerkies
 g - a chunk of flesh
 i - a meat ration


   Skills:
 + Level 2.1 Dodging
 + Level 2.4 Stealth
 + Level 2.5 Spellcasting
 + Level 4.6 Conjurations


You had 4 spell levels left.
You knew the following spells:

 Your Spells              Type           Power        Failure   Level  Hunger
a - Magic Dart            Conj           ###.         2%          1    None
b - Searing Ray           Conj           ###...       3%          2    ##.....


Dungeon Overview and Level Annotations

Branches:
Dungeon (2/15)

Altars:
Fedhas
Sif Muna

Annotations:
D:2 Terence


Innate Abilities, Weirdness & Mutations

You have a pair of small antennae on your head.


Message History

Casting: Searing Ray
Confirm with . or Enter, or press ? or * to list all spells.
Aiming: Searing Ray
Press: ? - help, Shift-Dir - straight line, f/p - Terence
Aim: Terence, wielding a hand axe of chopping and wearing a runed chain mail (moderately wounded, unusually agile)
The searing ray hits Terence.
Terence is moderately wounded.
Terence hits you with a hand axe of chopping.
The giant gecko bites you.
* * * LOW HITPOINT WARNING * * *
You hit Terence.
Terence is heavily wounded.
The goblin hits you with a club.
* * * LOW HITPOINT WARNING * * *
The giant gecko closely misses you. Terence barely misses you.
The giant gecko misses you. The goblin hits you with a club.
* * * LOW HITPOINT WARNING * * *
The giant gecko bites you.
You die...

..#.####..## #.#
#.#.......<.... ...#.#
##.#.##.###.#.####.......
...#.# .#......#'#'##
#....... ...#.# #.#
##.#......# #.......
...#.# .. #..'......#
#....... ##.#)# #.
#..#......###....... #..
#..#..)................
#..##.#................
#.....@...#............
##.#@lg####....)..#####
#.....# #.........###
##....# #........###.
#....## #.......##...
##....# ######.##....
+.>..# .##...≈≈ #....#
##...≈≈# #....# #...≈≈##


You could see Terence, a giant gecko and a goblin.

Vanquished Creatures
  2 adders (D:2)
  A worm (D:2)
  3 giant geckos
  5 bats
  6 goblins
  4 hobgoblins
  4 jackals (D:1)
  7 kobolds
  3 rats (D:1)
35 creatures vanquished.

Notes
Turn   | Place    | Note
--------------------------------------------------------------
     0 | D:1      | thrall606 the Demonspawn Conjurer began the quest for the Orb.
     0 | D:1      | Reached XP level 1. HP: 13/13 MP: 3/3
   233 | D:1      | Gained mutation: You have a pair of small antennae on your head. [demonic ancestry]
   233 | D:1      | Reached XP level 2. HP: 19/19 MP: 5/5
   693 | D:2      | Found a faded altar to an unknown god.
   729 | D:2      | Became a worshipper of Sif Muna the Loreminder
   729 | D:2      | Acquired Sif Muna's first power
   745 | D:2      | Reached XP level 3. HP: 22/24 MP: 6/6
   757 | D:2      | Found a blossoming altar of Fedhas.
   968 | D:2      | Learned a level 2 spell: Searing Ray
  1150 | D:2      | Noticed Terence
  1164 | D:2      | HP: 1/24 [goblin/club (2)]
  1168 | D:2      | Slain by a giant gecko

Vault maps used:
D:1:      tarquinn_simple_flora_water_a
D:2:      kennysheep_goblin_castle, ecumenical_altar_1, serial_bayou_lagoon_a,
          kennysheep_donut, fedhas_altar_2, uniq_terence

Action                   || total
-------------------------++-------
Melee: Short sword       ||    13
 Cast: Magic Dart        ||    60
       Searing Ray       ||    10
  Use: Scroll            ||     3
       Potion            ||     3
  Eat: Chunk             ||     2
